 Dungeon Crawl Stone Soup version 0.30-a0-1124-g6e8f0f562f (webtiles) character file.

Game seed: 6089434762357863923

88 pokedragonboy the Covered (level 4, 0/29 HPs)
             Began as a Gargoyle Fighter on Apr 24, 2023.
             Slain by a cerulean imp
             ... wielding a +2 spear
             ... summoned by Natasha
              (4 damage)
             ... on level 2 of the Dungeon.
             The game lasted 00:02:19 (1242 turns).

pokedragonboy the Covered (Gargoyle Fighter)        Turns: 1242, Time: 00:02:19

Health: 0/29       AC:  0    Str: 21    XL:     4   Next: 54%
Magic:  5/5        EV: 13    Int:  9    God:
Gold:   96         SH:  0    Dex:  9    Spells: 3/3 levels left

rFire   . . .        a - melded +0 war axe
rCold   . . .        c - melded +0 buckler
rNeg    + . .        b - melded +0 scale mail
rPois   ∞            (helmet currently unavailable)
rElec   .            n - melded +0 cloak
rCorr   .            (gloves currently unavailable)
SInv    .            (boots currently unavailable)
Will    .....        (no amulet)
Stlth   +            (ring currently unavailable)
HPRegen 0.24/turn    (ring currently unavailable)
MPRegen 0.09/turn

%: no passive effects
@: mighty, pig-form, very quick
A: fast, no casting, sickness immunity, AC +3, small, negative energy resistance
1, (electricity resistance), torment resistance 1, petrification resistance
a: no special abilities


You were on level 2 of the Dungeon.
You were a filthy swine.
You visited 1 branch of the dungeon, and saw 2 of its levels.

You collected 96 gold pieces.

Inventory:

Hand Weapons
 a - a +0 war axe (melded)
Armour
 b - a +0 scale mail (melded)
 c - a +0 buckler (melded)
 n - a +0 cloak (melded)
Magical Staves
 i - a staff of poison
Jewellery
 f - a ring of resist corrosion
Scrolls
 g - 2 scrolls of butterflies {unknown}
 j - a scroll of noise {unknown}
 m - a scroll of identify {unknown}
 o - a scroll of amnesia
 p - a scroll of teleportation {unknown}
Potions
 d - a potion of might
 e - a potion of resistance {unknown}
 h - a potion of flight {unknown}
 k - a potion of curing {unknown}
 l - 2 potions of berserk rage {unknown}


   Skills:
 + Level 3.7 Fighting
 * Level 2.8 Axes
 + Level 3.7 Armour
 - Level 3.2 Shields
 * Level 2.3 Invocations


You had 3 spell levels left.
You didn't know any spells.
Your spell library was empty.

Dungeon Overview and Level Annotations

Branches:
Dungeon (2/15)

Altars:

Annotations:
D:2 Natasha


Innate Abilities, Weirdness & Mutations

You are a filthy swine.
You move quickly.
Your equipment is almost entirely melded.
You are incapable of wielding weapons or throwing items.
You cannot cast spells.
You are immune to sickness and miasma.
((Your stone body is resilient. (AC +3)))
You are immune to poison.
You resist negative energy. (rN+)
((You are resistant to electric shocks. (rElec)))
You are resistant to unholy torment.
You are immune to petrification.


Message History

No target in view!
No target in view!
Things that are here:
a +1 vampiric dagger; 4 stones
p - a scroll labelled FEGADAERIL
Found a mace.
No target in view!
Found a club.
No target in view!
You see here a +0 mace.
Natasha, Servant of Life and Death comes into view.
She is carrying a wand of polymorph (12).
Found a scroll labelled EZYONU UCZOGI.
Natasha casts a spell at you. The magic dart hits you!
Natasha zaps a wand.
You turn into a filthy swine.
Your +0 war axe melds into your body.
Your +0 cloak melds into your body.
Your +0 buckler melds into your body.
Your +0 scale mail melds into your body.
Natasha casts a spell.
Found 9 gold pieces.
Natasha mumbles some strange words.
Natasha shimmers violently.
Natasha claws you.
You see here a scroll labelled EZYONU UCZOGI.
You closely miss Natasha.
Natasha stares at you and mumbles some strange words.
The magic dart hits you!
The cerulean imp hits you from afar with a +2 spear!
* * * LOW HITPOINT WARNING * * *
You are too injured to fight recklessly!
You are too injured to fight recklessly!
You are too injured to fight recklessly!
You are too injured to fight recklessly!
You are too injured to fight recklessly!
You are too injured to fight recklessly!
Unknown command.
You feel very mighty all of a sudden. Natasha barely misses you.
The cerulean imp hits you from afar with a +2 spear.
You die...

..................#
##.....................#
......###....#(........#
.............#.........#
##....##.....# .....
#........##..# ....
...######....# ..# ...#
##.##.####.# ##.###
#..##....h.#
##...###.#######.h..#
####.#...# #5....# ##
#...### $......# .#
##..# .......# .# ##)#
#.......# .## ##.#
##.....## ..###..#
....... #..^#.##


You could see Natasha and a cerulean imp (summoned).

Vanquished Creatures
  Terence (D:2)
  An adder (D:2)
  2 dart slugs (D:2)
  4 ball pythons
  3 endoplasms
  2 giant cockroaches (D:1)
  7 goblins
  9 hobgoblins
  6 kobolds
  2 quokkas
  3 bats (D:1)
  3 frilled lizards
  4 rats
47 creatures vanquished.

Notes
Turn   | Place    | Note
-------+----------+-------------------------------------------
     0 | D:1      | pokedragonboy the Gargoyle Fighter began the quest for the
                  | Orb.
     0 | D:1      | Reached XP level 1. HP: 14/14 MP: 1/1
   140 | D:1      | Reached XP level 2. HP: 19/19 MP: 2/2
   142 | D:1      | Reached skill level 1 in Invocations
   356 | D:1      | Reached XP level 3. HP: 23/23 MP: 4/4
   415 | D:1      | Found a faded altar of an unknown god.
   890 | D:2      | Noticed Terence
   900 | D:2      | Killed Terence
   901 | D:2      | Reached XP level 4. HP: 15/29 MP: 5/5
  1236 | D:2      | Noticed Natasha
  1242 | D:2      | Slain by a cerulean imp

Illustrated notes

Levels and vault maps discovered:
D:1:      dpeg_arrival_boxes_within_box, layout_basic,
          ebering_ecumenical_altar_rust, grunt_decor_junction
D:2:      layout_rooms, uniq_natasha, uniq_terence

Skill      XL: |  1  2  3 |
---------------+----------+-----
Axes           | 2 |  2.8
Invocations    | 1 2 |  2.3
Fighting       | |  3.7
Armour         | |  3.7
Shields        | |  3.2

Action                     |  1- 3 |  4- 6 || total
---------------------------+-------+-------++-------
  Melee: War axe           |    79 |    37 ||   116
         Unarmed           |       |     1 ||     1
    Use: Scroll            |     1 |       ||     1
         Potion            |       |     1 ||     1
 Armour: Scale mail        |    60 |    16 ||    76
  Dodge: Dodged            |    44 |    13 ||    57
  Block: Buckler           |    26 |     4 ||    30

Table legend: (Time is in decaauts)
 A = Elapsed time spent in this place.
 B = Non-inter-level travel time spent in this place.
 C = Inter-level travel time spent in this place.
 D = Time resting spent in this place.
 E = Time spent auto-exploring this place.
 F = Levels seen in this place.
 G = Mean time per level.
                   A        B        C        D        E       F      G
               +--------+--------+--------+--------+--------+-----+--------+
         Total |   1288 |   1212 |     76 |      0 |    889 |   2 |  644.0 |
       Dungeon |   1288 |   1212 |     76 |      0 |    889 |   2 |  644.0 |
               +--------+--------+--------+--------+--------+-----+--------+

Top non-repeatable levels by time:
     D:1: 917 daAuts
     D:2: 371 daAuts
